TOP OF THE 1ST |
Ohio State Buckeyes batting - Pitching for Connecticut Huskies : LHP Ryan Newman
|
Pitching: LHP Ryan Newman
|
|
Batting: SHB Devin Smith
|
0-0: Ball 1-0: Foul Ball, location: 2F 1-1: Ball 2-1: Foul Ball, location: 2F 2-2: Strikes out swinging
|
Batting: RHB Gabriel Soto
|
0-0: Ball 1-0: Ball 2-0: Foul Ball, location: 2F 2-1: Ball 3-1: Base on Balls
|
Batting: RHB John Robertson
|
0-0: Grounds into double play, 3-6-3 (Groundball, 3)
|
Top of the 1st over - 0 run(s), 0 hit(s), 0 error(s), 0 left on base; Ohio State 0 - Connecticut 0 |
BOTTOM OF THE 1ST |
Connecticut Huskies batting - Pitching for Ohio State Buckeyes : RHP Tom Wallace
|
Pitching: RHP Tom Wallace
|
|
Batting: RHB Gordon Brown
|
0-0: Ball 1-0: Ball 2-0: Ball 3-0: Called Strike 3-1: Ground out U3 (Groundball, 3L)
|
Batting: RHB Mario Flores
|
0-0: Ball 1-0: Ball 2-0: Ball 3-0: Base on Balls
|
Batting: RHB Rob Schmidt
|
0-0: 2-RUN HOME RUN (Line Drive, 78XD), Distance : 378 ft
|
Batting: SHB Enrique Rojas
|
0-0: Foul Ball, location: 2F 0-1: Called Strike 0-2: Ball 1-2: Foul Ball, location: 2F 1-2: Foul Ball, location: 2F 1-2: Strikes out swinging
|
Batting: RHB Alberto Peña
|
0-0: Called Strike 0-1: Ball 1-1: Ball 2-1: Called Strike 2-2: Foul Ball, location: 2F 2-2: Strikes out swinging
|
Bottom of the 1st over - 2 run(s), 1 hit(s), 0 error(s), 0 left on base; Ohio State 0 - Connecticut 2 |
TOP OF THE 2ND |
Ohio State Buckeyes batting - Pitching for Connecticut Huskies : LHP Ryan Newman
|
Batting: SHB Thomas Simmons
|
0-0: Ball 1-0: Foul Ball, location: 2F 1-1: Ball 2-1: Foul Ball, location: 2F 2-2: Fly out, F4 (Popup, 4)
|
Batting: LHB Frank García
|
0-0: Foul Ball, location: 2F 0-1: Ball 1-1: Swinging Strike 1-2: Strikes out swinging
|
Batting: RHB Santiago Gutiérrez
|
0-0: Ball 1-0: Ball 2-0: Foul Ball, location: 2F 2-1: Foul Ball, location: 2F 2-2: Fly out, F8 (Flyball, 8RM)
|
Top of the 2nd over - 0 run(s), 0 hit(s), 0 error(s), 0 left on base; Ohio State 0 - Connecticut 2 |
BOTTOM OF THE 2ND |
Connecticut Huskies batting - Pitching for Ohio State Buckeyes : RHP Tom Wallace
|
Batting: RHB Carlos Marino
|
0-0: Fly out, F8 (Flyball, 8LM)
|
Batting: SHB Juan Román
|
0-0: Ball 1-0: Ball 2-0: Foul Ball, location: 2F 2-1: Swinging Strike 2-2: Foul Ball, location: 2F 2-2: SINGLE (Line Drive, 78S)
|
Batting: RHB Jeff Manley
|
0-0: Ball 1-0: Called Strike 1-1: Foul Ball, location: 2F 1-2: Ball 2-2: Ball 3-2: Base on Balls Juan Román to second
|
Batting: RHB Brian Kramer
|
0-0: Foul Ball, location: 2F 0-1: Ball 1-1: Swinging Strike 1-2: Strikes out swinging
|
Batting: RHB Gordon Brown
|
0-0: Called Strike 0-1: Called Strike 0-2: Ball 1-2: Foul Ball, location: 2F 1-2: Foul Ball, location: 2F 1-2: Strikes out looking
|
Bottom of the 2nd over - 0 run(s), 1 hit(s), 0 error(s), 2 left on base; Ohio State 0 - Connecticut 2 |
TOP OF THE 3RD |
Ohio State Buckeyes batting - Pitching for Connecticut Huskies : LHP Ryan Newman
|
Batting: LHB Joel Nelson
|
0-0: Ball 1-0: Ball 2-0: Foul Ball, location: 2F 2-1: Foul Ball, location: 2F 2-2: Ball 3-2: Base on Balls
|
Batting: RHB Will Anderson
|
0-0: Ball 1-0: Swinging Strike 1-1: Ball 2-1: SINGLE (Line Drive, 6D) Joel Nelson to second
|
Batting: RHB Dan Rivera
|
0-0: Swinging Strike 0-1: Foul Ball, location: 2F 0-2: Foul Ball, location: 2F 0-2: Ball 1-2: Ball 2-2: Strikes out looking
|
Batting: SHB Devin Smith
|
0-0: Fielders Choice at 2nd, 5-4 (Groundball, 56) Joel Nelson to third
|
Batting: RHB Gabriel Soto
|
0-0: Ball 1-0: Ball 2-0: Foul Ball, location: 2F 2-1: Fly out, F8 (Flyball, 78M)
|
Top of the 3rd over - 0 run(s), 1 hit(s), 0 error(s), 2 left on base; Ohio State 0 - Connecticut 2 |
BOTTOM OF THE 3RD |
Connecticut Huskies batting - Pitching for Ohio State Buckeyes : RHP Tom Wallace
|
Batting: RHB Mario Flores
|
0-0: Ball 1-0: Ball 2-0: SOLO HOME RUN (Line Drive, 7LD), Distance : 322 ft
|
Batting: RHB Rob Schmidt
|
0-0: Ball 1-0: Ball 2-0: Ball 3-0: Called Strike 3-1: Ground out 6-3 (Groundball, 6)
|
Batting: SHB Enrique Rojas
|
0-0: Ground out 4-3 (Groundball, 4)
|
Batting: RHB Alberto Peña
|
0-0: Called Strike 0-1: Swinging Strike 0-2: Strikes out swinging
|
Bottom of the 3rd over - 1 run(s), 1 hit(s), 0 error(s), 0 left on base; Ohio State 0 - Connecticut 3 |
TOP OF THE 4TH |
Ohio State Buckeyes batting - Pitching for Connecticut Huskies : LHP Ryan Newman
|
Batting: RHB John Robertson
|
0-0: Ball 1-0: Called Strike 1-1: Ball 2-1: Ball 3-1: Called Strike 3-2: Base on Balls
|
Batting: SHB Thomas Simmons
|
0-0: Ball 1-0: DOUBLE (Flyball, 78D) John Robertson to third
|
Batting: LHB Frank García
|
0-0: Called Strike 0-1: Called Strike 0-2: Ball 1-2: Ball 2-2: 3-RUN HOME RUN (Flyball, 89XD), Distance : 362 ft
|
Batting: RHB Santiago Gutiérrez
|
0-0: Foul Ball, location: 2F 0-1: Called Strike 0-2: Strikes out looking
|
Batting: LHB Joel Nelson
|
0-0: Ball 1-0: Ball 2-0: SINGLE (Line Drive, 7S)
|
Batting: RHB Will Anderson
|
0-0: Fly out, F7 (Flyball, 7S)
|
Batting: RHB Dan Rivera
|
0-0: Ball 1-0: Foul Ball, location: 2F 1-1: SINGLE (Groundball, 5L) Joel Nelson to second Throwing error, E7 Joel Nelson scores Dan Rivera to second
|
Batting: SHB Devin Smith
|
0-0: Called Strike 0-1: Ball 1-1: Swinging Strike 1-2: Strikes out swinging
|
Top of the 4th over - 4 run(s), 4 hit(s), 1 error(s), 1 left on base; Ohio State 4 - Connecticut 3 |
BOTTOM OF THE 4TH |
Connecticut Huskies batting - Pitching for Ohio State Buckeyes : RHP Tom Wallace
|
Batting: RHB Carlos Marino
|
0-0: Called Strike 0-1: Ball 1-1: Ball 2-1: Foul Ball, location: 2F 2-2: Fly out, F9 (Flyball, 89S)
|
Batting: SHB Juan Román
|
0-0: Ball 1-0: Foul Ball, location: 2F 1-1: Swinging Strike 1-2: Foul Ball, location: 2F 1-2: Strikes out looking
|
Batting: RHB Jeff Manley
|
0-0: Called Strike 0-1: Swinging Strike 0-2: Ground out 4-3 (Groundball, 4)
|
Bottom of the 4th over - 0 run(s), 0 hit(s), 0 error(s), 0 left on base; Ohio State 4 - Connecticut 3 |
TOP OF THE 5TH |
Ohio State Buckeyes batting - Pitching for Connecticut Huskies : LHP Ryan Newman
|
Batting: RHB Gabriel Soto
|
0-0: Ball 1-0: Swinging Strike 1-1: Ball 2-1: Foul Ball, location: 2F 2-2: Foul Ball, location: 2F 2-2: Foul Ball, location: 2F 2-2: Strikes out swinging
|
Pitching: LHP Arnold Eckhardt
|
|
Batting: RHB John Robertson
|
0-0: Fly out, F3 (Popup, 3F)
|
Batting: SHB Thomas Simmons
|
0-0: Ball 1-0: Ball 2-0: Ball 3-0: Base on Balls
|
Batting: LHB Frank García
|
0-0: Ball Thomas Simmons steals 2nd base 1-0: Ball 2-0: Ball 3-0: Called Strike 3-1: Called Strike 3-2: Foul Ball, location: 2F 3-2: Base on Balls
|
Batting: RHB Santiago Gutiérrez
|
0-0: Ball 1-0: Called Strike 1-1: Called Strike 1-2: Ball 2-2: Strikes out swinging
|
Top of the 5th over - 0 run(s), 0 hit(s), 0 error(s), 2 left on base; Ohio State 4 - Connecticut 3 |
BOTTOM OF THE 5TH |
Connecticut Huskies batting - Pitching for Ohio State Buckeyes : RHP Tom Wallace
|
Batting: RHB Brian Kramer
|
0-0: Foul Ball, location: 2F 0-1: Foul Ball, location: 2F 0-2: Strikes out looking
|
Batting: RHB Gordon Brown
|
0-0: Called Strike 0-1: Ball 1-1: Ball 2-1: Ball 3-1: Base on Balls
|
Batting: RHB Mario Flores
|
0-0: Ball 1-0: Foul Ball, location: 2F 1-1: Ball 2-1: Ball 3-1: Fielders Choice at 2nd, 6-4 (Groundball, 6D)
|
Pitching: LHP Howard Mack
|
|
Batting: RHB Rob Schmidt
|
0-0: Called Strike 0-1: Called Strike 0-2: Ball 1-2: Fielders Choice at 2nd, 5-4 (Groundball, 56)
|
Bottom of the 5th over - 0 run(s), 0 hit(s), 0 error(s), 0 left on base; Ohio State 4 - Connecticut 3 |
TOP OF THE 6TH |
Ohio State Buckeyes batting - Pitching for Connecticut Huskies : LHP Arnold Eckhardt
|
Batting: LHB Joel Nelson
|
0-0: Ball 1-0: Called Strike 1-1: Ball 2-1: Foul Ball, location: 2F 2-2: Ball 3-2: Base on Balls
|
Batting: RHB Will Anderson
|
0-0: Called Strike 0-1: Called Strike 0-2: Fly out, F7 (Flyball, 7M)
|
Batting: RHB Dan Rivera
|
0-0: Ball Joel Nelson steals 2nd base 1-0: Foul Ball, location: 2F 1-1: Foul Ball, location: 2F 1-2: Ball 2-2: Foul Ball, location: 2F 2-2: Strikes out swinging
|
Batting: SHB Devin Smith
|
0-0: Ball 1-0: Foul Ball, location: 2F 1-1: Ball 2-1: Ball 3-1: Base on Balls
|
Batting: RHB Gabriel Soto
|
0-0: Reached on error, E6 (Groundball, 56) Joel Nelson to third Devin Smith to second
|
Batting: RHB John Robertson
|
0-0: Ball Wild Pitch! Joel Nelson scores Devin Smith to third Gabriel Soto to second 1-0: Called Strike 1-1: Ball 2-1: Ball 3-1: Foul Ball, location: 2F 3-2: Strikes out swinging
|
Top of the 6th over - 1 run(s), 0 hit(s), 1 error(s), 2 left on base; Ohio State 5 - Connecticut 3 |
BOTTOM OF THE 6TH |
Connecticut Huskies batting - Pitching for Ohio State Buckeyes : LHP Howard Mack
|
Batting: SHB Enrique Rojas
|
0-0: Called Strike 0-1: Ball 1-1: Ball 2-1: Called Strike 2-2: Ball 3-2: Strikes out looking
|
Batting: RHB Alberto Peña
|
0-0: Ball 1-0: Ground out 5-3 (Groundball, 56S)
|
Batting: RHB Carlos Marino
|
0-0: Ball 1-0: Foul Ball, location: 2F 1-1: Ball 2-1: Ball 3-1: Base on Balls
|
Batting: SHB Juan Román
|
0-0: Swinging Strike 0-1: Ball 1-1: Ball 2-1: Ball Wild Pitch! Carlos Marino to second 3-1: Ground out 5-3 (Groundball, 5)
|
Bottom of the 6th over - 0 run(s), 0 hit(s), 0 error(s), 1 left on base; Ohio State 5 - Connecticut 3 |
TOP OF THE 7TH |
Ohio State Buckeyes batting - Pitching for Connecticut Huskies : LHP Arnold Eckhardt
|
Pitching: RHP Mark Schmidt
|
|
Batting: SHB Thomas Simmons
|
0-0: Foul Ball, location: 2F 0-1: Ground out 4-3 (Groundball, 34)
|
Batting: LHB Frank García
|
0-0: Called Strike 0-1: Foul Ball, location: 2F 0-2: Ball 1-2: Strikes out swinging
|
Batting: RHB Santiago Gutiérrez
|
0-0: Called Strike 0-1: Ground out 6-3 (Groundball, 6)
|
Top of the 7th over - 0 run(s), 0 hit(s), 0 error(s), 0 left on base; Ohio State 5 - Connecticut 3 |
BOTTOM OF THE 7TH |
Connecticut Huskies batting - Pitching for Ohio State Buckeyes : LHP Howard Mack
|
Batting: RHB Jeff Manley
|
0-0: Swinging Strike 0-1: Ball 1-1: Ball 2-1: Ball 3-1: Foul Ball, location: 2F 3-2: SINGLE (Groundball, 56)
|
Batting: RHB Brian Kramer
|
0-0: Grounds into double play, 6-4-3 (Groundball, 6)
|
Batting: RHB Gordon Brown
|
0-0: Called Strike 0-1: Ball 1-1: Swinging Strike 1-2: Strikes out swinging
|
Bottom of the 7th over - 0 run(s), 1 hit(s), 0 error(s), 0 left on base; Ohio State 5 - Connecticut 3 |
TOP OF THE 8TH |
Ohio State Buckeyes batting - Pitching for Connecticut Huskies : RHP Mark Schmidt
|
Batting: LHB Joel Nelson
|
0-0: Ball 1-0: Called Strike 1-1: Ball 2-1: Foul Ball, location: 2F 2-2: SOLO HOME RUN (Flyball, 89XD), Distance : 374 ft
|
Batting: RHB Will Anderson
|
0-0: Foul Ball, location: 2F 0-1: Swinging Strike 0-2: Ball 1-2: Strikes out swinging
|
Batting: RHB Dan Rivera
|
0-0: Ball 1-0: Swinging Strike 1-1: Foul Ball, location: 2F 1-2: Ball 2-2: SINGLE (Groundball, 4MD)
|
Batting: SHB Devin Smith
|
0-0: Ball 1-0: Foul Ball, location: 2F 1-1: Ball 2-1: SINGLE (Groundball, 4MD) Dan Rivera to second Runner from 2nd tries for 3rd, SAFE, no throw or cutoff
|
Batting: RHB Gabriel Soto
|
0-0: Called Strike 0-1: Ball 1-1: Called Strike 1-2: Strikes out swinging
|
Batting: RHB John Robertson
|
0-0: Ball 1-0: Ball 2-0: Foul Ball, location: 2F 2-1: Called Strike 2-2: Ball 3-2: Foul Ball, location: 2F 3-2: SINGLE (Line Drive, 4MD) Dan Rivera scores Devin Smith to second Devin Smith to third
|
Batting: SHB Thomas Simmons
|
0-0: Ball 1-0: Foul Ball, location: 2F 1-1: Ball 2-1: Called Strike 2-2: Strikes out looking
|
Top of the 8th over - 2 run(s), 4 hit(s), 0 error(s), 2 left on base; Ohio State 7 - Connecticut 3 |
BOTTOM OF THE 8TH |
Connecticut Huskies batting - Pitching for Ohio State Buckeyes : LHP Howard Mack
|
Pitching: RHP Bartolo Villarreal
|
|
Batting: RHB Mario Flores
|
0-0: Called Strike 0-1: Ball 1-1: Ground out 6-3 (Groundball, 6S)
|
Batting: RHB Rob Schmidt
|
0-0: Called Strike 0-1: Ball 1-1: Called Strike 1-2: Ball 2-2: Strikes out swinging
|
Batting: SHB Enrique Rojas
|
0-0: Called Strike 0-1: Ground out 4-3 (Groundball, 4M)
|
Bottom of the 8th over - 0 run(s), 0 hit(s), 0 error(s), 0 left on base; Ohio State 7 - Connecticut 3 |
TOP OF THE 9TH |
Ohio State Buckeyes batting - Pitching for Connecticut Huskies : RHP Mark Schmidt
|
Batting: LHB Frank García
|
0-0: Swinging Strike 0-1: Called Strike 0-2: Ball 1-2: Ball 2-2: Strikes out swinging
|
Pitching: RHP Nick Higgins
|
|
Batting: RHB Santiago Gutiérrez
|
0-0: Ball 1-0: Ball 2-0: Ball 3-0: Base on Balls
|
Batting: LHB Joel Nelson
|
0-0: Ball 1-0: Called Strike 1-1: Swinging Strike 1-2: Hit by Pitch Santiago Gutiérrez to second
|
Batting: RHB Will Anderson
|
0-0: Fly out, F7 (Flyball, 78M)
|
Batting: RHB Dan Rivera
|
0-0: Ball 1-0: Ball Wild Pitch! Santiago Gutiérrez to third Joel Nelson to second 2-0: Ball 3-0: Base on Balls
|
Batting: SHB Devin Smith
|
0-0: Ball 1-0: Ball 2-0: Fly out, F7 (Flyball, 7M)
|
Top of the 9th over - 0 run(s), 0 hit(s), 0 error(s), 3 left on base; Ohio State 7 - Connecticut 3 |
BOTTOM OF THE 9TH |
Connecticut Huskies batting - Pitching for Ohio State Buckeyes : RHP Bartolo Villarreal
|
Batting: RHB Alberto Peña
|
0-0: Ball 1-0: Foul Ball, location: 2F 1-1: Ball 2-1: Ball 3-1: Base on Balls
|
Batting: RHB Carlos Marino
|
0-0: Fly out, F6 (Line Drive, 6M)
|
Batting: SHB Juan Román
|
0-0: Called Strike 0-1: Foul Ball, location: 2F 0-2: Ball 1-2: Strikes out looking
|
Batting: RHB Jeff Manley
|
0-0: Ground out 6-3 (Groundball, 6)
|
Bottom of the 9th over - 0 run(s), 0 hit(s), 0 error(s), 1 left on base; Ohio State 7 - Connecticut 3 |
|